 Dungeon Crawl Stone Soup version 0.30-a0-174-gbc10bd73c2 (webtiles) character file.

Game seed: 4333748563530861378

58170 qw the Severer (level 14, 0/92 HPs)
             Began as a Gargoyle Fighter on Oct 1, 2022.
             Was a High Priest of Okawaru.
             Slain by a profane servitor
             ... wielding a +2 whip
              (5 damage)
             ... on level 12 of the Dungeon.
             The game lasted 00:07:08 (17540 turns).

qw the Severer (Gargoyle Fighter)                  Turns: 17540, Time: 00:07:08

Health: 0/92       AC: 46    Str: 24    XL:     14   Next: 89%
Magic:  17/17      EV: 12    Int:  8    God:    Okawaru [*****.]
Gold:   1031       SH:  6    Dex:  5    Spells: 13/13 levels left

rFire   + . .      SeeInvis +    f - +1 broad axe
rCold   . . .      Faith    .    c - +0 buckler
rNeg    + + .      Spirit   .    B - +2 plate armour {rN+}
rPois   inf        Reflect  .    v - +2 helmet
rElec   +          Harm     .    z - +1 cloak
rCorr   .          Rampage  .    u - +4 pair of gloves "Guelej" {rF+}
Will    +....      Rage     3%   s - +2 pair of boots {Fly}
Stlth   ..........               j - amulet of the acrobat
HPRegen 0.35/turn                n - +4 ring of evasion
MPRegen 0.15/turn                m - ring of see invisible

@: heroic, on berserk cooldown, flying, slowed, wreathed by umbra, unable to
read, very slow
A: sickness immunity, AC +10, big wings, negative energy resistance 1,
electricity resistance, torment resistance 1, petrification resistance,
MP-powered wands, [berserk 1], [clumsy 2], [deterioration 2], [low MP 2], [weak
1], [subdued magic 2], [inability to read after injury 1]
a: Renounce Religion, Heroism, Finesse, Duel


You were on level 12 of the Dungeon.
You worshipped Okawaru.
Okawaru was extremely pleased with you.
You visited 2 branches of the dungeon, and saw 17 of its levels.
You visited the Abyss 2 times.

You collected 1523 gold pieces.
You spent 492 gold pieces at shops.


Innate Abilities, Weirdness & Mutations

You are immune to sickness and miasma.
Your stone body is resilient. (AC +10)
You are immune to poison.
Your large and strong wings let you fly.
You resist negative energy. (rN+)
You are resistant to electric shocks. (rElec)
You are resistant to unholy torment.
You are immune to petrification.
You expend magic power (3 MP) to strengthen your wands.
[You sometimes lose your temper in combat.]
[You are very clumsy. (Dex -4)]
[Your body often deteriorates upon taking damage.]
[Your magical capacity is very low. (-20% MP)]
[You are weak. (Str -2)]
[Your spells are easier to cast, but less powerful.]
[You occasionally lose the ability to read scrolls when taking damage.]


   Skills:
 - Level 12.0(17.0) Fighting
 + Level 15.9(20.9) Axes
 - Level 5.0(10.0) Throwing
 - Level 12.0(17.0) Armour
 - Level 2.0(7.0) Dodging
 - Level 7.3(12.3) Shields
 - Level 10.0 Invocations


You had 13 spell levels left.
You didn't know any spells.
Your spell library was empty.

Inventory:

Hand Weapons
 f - a +1 broad axe (weapon)
 w - a +2 morningstar of protection
Missiles
 k - 8 boomerangs (quivered)
Armour
 b - the +8 plate armour "Doupt" {Harm rElec rF- rC+}
   (You found it on level 4 of the Dungeon)

   rF:        It makes you vulnerable to fire.
   rC:        It protects you from cold.
   rElec:     It insulates you from electricity.
   Harm:      It increases damage dealt and taken.
 c - a +0 buckler (worn)
 p - the +1 ice dragon scales of Anarchy {rF- rC++ Int+4 SInv}
   (You found it on level 4 of the Lair of Beasts)

   Int:       It affects your intelligence (+4).
   rF:        It makes you vulnerable to fire.
   rC:        It greatly protects you from cold.
   SInv:      It lets you see invisible.
 s - a +2 pair of boots of flying (worn)
 u - the +4 pair of gloves "Guelej" (worn) {rF+}
   (You found it on level 9 of the Dungeon)

   rF:        It protects you from fire.
 v - a +2 helmet (worn)
 z - a +1 cloak (worn)
 B - a +2 plate armour of positive energy (worn)
Jewellery
 g - a ring of ice
 h - a ring of protection from fire
 j - an amulet of the acrobat (around neck)
 m - a ring of see invisible (right hand)
 n - a +4 ring of evasion (left hand)
 Y - a +6 ring of strength
Scrolls
 o - 2 scrolls of identify
Potions
 a - 9 potions of curing
 d - 4 potions of might
 e - 2 potions of mutation
 l - 3 potions of cancellation
 q - 2 potions of haste
 r - 3 potions of lignification
 x - 3 potions of attraction
 D - a potion of magic

Dungeon Overview and Level Annotations

Branches:
Dungeon (12/15)            Temple (0/1) D:7            Lair (5/5) D:9
  Swamp (0/4) Lair:2        Snake (0/4) Lair:3        Slime (0/5) Lair:4
    Orc (0/2) D:12

Altars:
Cheibriados
Elyvilon
Fedhas
Okawaru
Sif Muna
Yredelemnul
Zin
Jiyva

Shops:
D:4 [   D:7 =!   D:9 [

Portals:
Abyss: D:9

Annotations:
D:8 3 runed translucent doors, qw's ghost, novice GrFi
D:9 1 transporter, qw's ghost, novice GrFi
Lair:4 1 runed translucent door


Message History

You closely miss the tentacled starspawn.
The tentacled starspawn is almost destroyed.
You slice the starcursed mass!!
You destroy the starcursed mass!
Okawaru accepts your kill.
You hit the starspawn tentacle but do no damage.
You closely miss the profane servitor.
The profane servitor hits you with a +2 whip.
The profane servitor misses you.
The starcursed mass shrieks in your mind.
The tentacled starspawn bites you but does no damage.
The tentacled starspawn tentacle-slaps you but does no damage.
You slash the tentacled starspawn!
You destroy the tentacled starspawn!
Okawaru accepts your kill.
The starspawn's tentacles wither and die.
You slash the profane servitor!
You block the profane servitor's attack.
The profane servitor hits you but does no damage.
You completely miss the profane servitor.
The profane servitor is moderately damaged.
The substance of the Abyss twists violently, and a gateway leading out appears!
The starcursed mass shrieks in your mind.
The profane servitor hits you with a +2 whip!
The profane servitor hits you but does no damage.
The profane servitor hits you but does no damage.
The profane servitor hits you with a +2 whip!
You pass through the gate.
Welcome back to the Dungeon!
You feel a strong urge to attack something.
You are no longer berserk.
You are exhausted.
You feel yourself slow down.
You barely miss the profane servitor.
The profane servitor is moderately damaged.
The profane servitor hits you but does no damage. x2
You slash the profane servitor!
The profane servitor is moderately damaged.
The profane servitor hits you with a +2 whip.
You die...

............# #..
....}.......# ..##.#
............ #......
.......[.##....... ##
.................
>..####.#.#...........
#..........<..........
#.........%.........
#....@A.............
#........##.........
#........#[.#.......
#####.##.#.###......
##.##............
........#######..
##.#............#
##.#.....######
#.......##


You could see a profane servitor.

Vanquished Creatures
  2 tentacled starspawn (Abyss:2)
  6 hydras
  A rakshasa (Abyss:2)
  Fannar (Lair:3)
  Erica (D:10)
  4 two-headed ogres
  4 catoblepae
  8 death yaks
  A thrashing horror (Abyss:2)
  A wretched star (Abyss:2)
  A shadow wraith (Abyss:2)
  A glowing orange brain (Abyss:2)
  A shadow demon (Abyss:2)
  A bog body (Lair:2)
  Pikel (D:7)
  2 manticores (Lair:5)
  A deep elf pyromancer (D:12)
  2 ugly things (D:12)
  A salamander (shapeshifter) (D:11)
  2 cyclopes (D:11)
  10 elephants
  An apocalypse crab (Abyss:2)
  5 black mambas
  A kobold demonologist (D:11)
  2 rime drakes
  10 cane toads
  An unseen horror (Abyss:2)
  4 komodo dragons
  A troll (D:11)
  3 polar bears
  5 dream sheep (Lair:5)
  A hornet (D:8)
  9 blink frogs
  3 raiju (Abyss:2)
  12 starcursed masses (Abyss:2)
  Sigmund (D:5)
  A shadow (D:12)
  6 wyverns
  A wraith (D:10)
  4 basilisks
  58 yaks
  A neqoxec (Abyss:2)
  7 vampire mosquitoes (D:11)
  2 steam dragons (D:9)
  Menkaure (D:7)
  A large abomination (Abyss:2)
  An acid dragon (D:10)
  9 water moccasins
  A sky beast (Abyss:2)
  6 orc warriors
  2 black bears (D:5)
  2 ice beasts
  24 wolves
  2 centaurs
  A phantom (D:5)
  2 lemures (D:7)
  5 kobold brigands
  A small abomination (Abyss:2)
  9 bullfrogs
  2 necrophages (D:5)
  4 wights (D:7)
  17 killer bees
  A howler monkey (D:10)
  2 centaur zombies (D:8)
  4 jellies
  2 hounds (D:5)
  14 orc priests
  A gnoll bouda (D:8)
  6 iguanas
  10 orc wizards
  4 hell rats (Lair:4)
  9 gnolls
  3 adders
  A river rat (D:9)
  A shadow imp (D:7)
  2 white imps
  An ufetubus (D:6)
  2 worms (D:4)
  4 dart slugs
  40 orcs
  7 ball pythons
  6 bats
  3 endoplasms
  3 giant cockroaches
  10 hobgoblins
  11 jackals
  2 quokkas (D:9)
  4 frilled lizards
  7 goblins
  19 kobolds
  16 rats
  2 starspawn tentacles (Abyss:2)
478 creatures vanquished.

Vanquished Creatures (others)
  26 fungi
  A lurking horror (Abyss:2)
  36 plants
  4 starspawn tentacles (Abyss:2)
67 creatures vanquished.

Grand Total: 545 creatures vanquished

Notes
Turn   | Place    | Note
-------+----------+-------------------------------------------
     0 | D:1      | qw the Gargoyle Fighter began the quest for the Orb.
     0 | D:1      | Reached XP level 1. HP: 14/14 MP: 1/1
     0 | D:1      | 0 ||| qw: Version: 0.2-a-13-gfc7b4b4
     0 | D:1      | 0 ||| qw: Game counter: 1922
     0 | D:1      | 0 ||| qw: Always use a shield: true
     0 | D:1      | 0 ||| qw: God list: Okawaru
     0 | D:1      | 0 ||| qw: Allow faded altars: false
     0 | D:1      | 0 ||| qw: Do Orc after D:15 true
     0 | D:1      | 0 ||| qw: Do second Lair branch before Depths: true
     0 | D:1      | 0 ||| qw: Lair rune preference: random
     0 | D:1      | 0 ||| qw: Plans: Normal, Zot:1-4, God:TSO, Crypt, Tomb,
                  | Pan, Slime:5, Hells, Abyss, Orb
     0 | D:1      | 0 ||| PLANNING D:1-11
    77 | D:1      | Reached skill level 2 in Axes
    81 | D:1      | Reached XP level 2. HP: 16/19 MP: 2/2
   287 | D:1      | 287 ||| Stepping ~*~*~tactically~*~*~ (hiding).
   447 | D:1      | Reached skill level 3 in Axes
   504 | D:1      | Reached XP level 3. HP: 23/23 MP: 3/3
   679 | D:1      | 679 ||| DROPPING +0 club.
  1072 | D:1      | 1072 ||| UPGRADING to +6 ring of strength.
  1073 | D:1      | 1073 ||| DROPPING ring of wizardry.
  1074 | D:1      | 1074 ||| UPGRADING to ring of see invisible.
  1075 | D:1      | 1075 ||| READING scroll labelled FEOSHR EPLITS.
  1076 | D:1      | 1076 ||| READING scroll labelled WUDI FUIHIUSM.
  1077 | D:1      | 1077 ||| READING scroll labelled VILIYZ JEUDO.
  1078 | D:1      | 1078 ||| READING scroll labelled QEDGHO VULL.
  1111 | D:2      | Found a blossoming altar of Fedhas.
  1113 | D:2      | 1113 ||| DROPPING +0 whip of freezing.
  1508 | D:2      | Reached skill level 4 in Axes
  1508 | D:2      | Reached XP level 4. HP: 22/28 MP: 4/4
  1662 | D:2      | 1662 ||| Stepping ~*~*~tactically~*~*~ (stealth).
  1785 | D:2      | 1785 ||| Stepping ~*~*~tactically~*~*~ (hiding).
  1786 | D:2      | 1786 ||| Stepping ~*~*~tactically~*~*~ (hiding).
  1787 | D:2      | 1787 ||| Stepping ~*~*~tactically~*~*~ (hiding).
  1797 | D:2      | HP: 5/28 [gnoll/+0 spear (5)]
  1798 | D:2      | 1798 ||| READING 2 scrolls of teleportation.
  2234 | D:2      | 2234 ||| UPGRADING to amulet of the acrobat.
  2239 | D:2      | 2239 ||| READING scroll labelled DYENOI WALUM.
  2240 | D:2      | 2240 ||| READING 2 scrolls labelled KIXIYHOCHUC.
  2241 | D:2      | 2241 ||| DRINKING 2 emerald potions.
  2242 | D:2      | 2242 ||| DROPPING scroll of fear.
  2275 | D:3      | Found a white marble altar of Elyvilon.
  2415 | D:3      | 2415 ||| DROPPING +0 flail.
  2654 | D:3      | Reached XP level 5. HP: 30/32 MP: 5/5
  2680 | D:3      | 2680 ||| Stepping ~*~*~tactically~*~*~ (stealth).
  2874 | D:3      | You fall into a shaft and drop 2 floors!
  2874 | D:5      | Entered Level 5 of the Dungeon
  2889 | D:5      | Reached skill level 5 in Axes
  2893 | D:5      | HP: 8/32 [orc priest/+0 dagger (2)]
  2894 | D:5      | 2894 ||| READING 2 scrolls of teleportation.
  2897 | D:5      | Reached skill level 1 in Dodging
  2898 | D:5      | Found an iron altar of Okawaru.
  2899 | D:5      | 2899 ||| PLANNING OKAWARU WORSHIP
  2906 | D:5      | Reached XP level 6. HP: 12/38 MP: 6/6
  3004 | D:5      | 3004 ||| READING scroll labelled RAACWE HEHES.
  3110 | D:5      | Became a worshipper of Warmaster Okawaru
  3111 | D:5      | 3111 ||| PLANNING D:1-11
  3203 | D:5      | Noticed a black bear
  3209 | D:5      | Killed a black bear
  3243 | D:5      | 3243 ||| READING scroll labelled UNEOGG XUMUCAGU.
  3244 | D:5      | 3244 ||| Stepping ~*~*~tactically~*~*~ (hiding).
  3595 | D:3      | Found a faded altar of an unknown god.
  3883 | D:4      | Found Reco's Antique Armour Emporium.
  3892 | D:4      | 3892 ||| BUYING glowing ring mail (182 gold).
  3892 | D:4      | Bought a glowing ring mail for 182 gold pieces
  3892 | D:4      | 3892 ||| SHOPLISTING helmet (117 gold, have 75).
  3892 | D:4      | 3892 ||| SHOPLISTING pair of embroidered boots (195 gold,
                  | have 75).
  3915 | D:4      | 3915 ||| FLEEEEING.
  3916 | D:4      | 3916 ||| FLEEEEING.
  3917 | D:4      | 3917 ||| FLEEEEING.
  3918 | D:4      | 3918 ||| FLEEEEING.
  3919 | D:4      | 3919 ||| FLEEEEING.
  3920 | D:4      | 3920 ||| FLEEEEING.
  3921 | D:4      | 3921 ||| FLEEEEING.
  3922 | D:4      | 3922 ||| FLEEEEING.
  3923 | D:4      | 3923 ||| FLEEEEING.
  3924 | D:4      | 3924 ||| FLEEEEING.
  3928 | D:4      | 3928 ||| STAIRDANCE
  3951 | D:3      | 3951 ||| UPGRADING to +3 ring mail of fire resistance.
  3961 | D:3      | 3961 ||| DROPPING +0 scale mail.
  3962 | D:3      | 3962 ||| READING 2 scrolls of identify.
  3962 | D:3      | 3962 ||| IDENTIFYING murky ruby potion
  3997 | D:4      | Reached skill level 6 in Axes
  3997 | D:4      | Reached XP level 7. HP: 32/43 MP: 7/7
  4302 | D:4      | Identified the +8 plate armour "Doupt" {Harm rElec rF- rC+}
  4431 | D:4      | 4431 ||| UPGRADING to +8 plate armour "Doupt" {Harm rElec
                  | rF- rC+}.
  4441 | D:4      | 4441 ||| READING scroll labelled DIPOES ISTREL.
  4442 | D:4      | 4442 ||| DRINKING 2 fuming grey potions.
  4507 | D:5      | Reached skill level 1 in Throwing
  4577 | D:5      | Reached * piety under Okawaru
  4685 | D:5      | 4685 ||| Stepping ~*~*~tactically~*~*~ (hiding).
  4689 | D:5      | 4689 ||| INVOKING Heroism.
  4697 | D:5      | Reached skill level 7 in Axes
  4733 | D:5      | 4733 ||| Stepping ~*~*~tactically~*~*~ (stealth).
  4749 | D:5      | 4749 ||| Stepping ~*~*~tactically~*~*~ (stealth).
  4750 | D:5      | 4750 ||| Stepping ~*~*~tactically~*~*~ (stealth).
  4752 | D:5      | 4752 ||| Stepping ~*~*~tactically~*~*~ (hiding).
  4753 | D:5      | 4753 ||| Stepping ~*~*~tactically~*~*~ (hiding).
  4755 | D:5      | 4755 ||| INVOKING Heroism.
  4756 | D:5      | 4756 ||| INVOKING Heroism.
  4779 | D:5      | 4779 ||| INVOKING Heroism.
  4780 | D:5      | 4780 ||| INVOKING Heroism.
  4786 | D:5      | Reached skill level 1 in Invocations
  4892 | D:5      | 4892 ||| INVOKING Heroism.
  4900 | D:5      | Reached XP level 8. HP: 46/49 MP: 6/9
  4934 | D:5      | Reached skill level 3 in Invocations
  5010 | D:5      | Noticed Sigmund
  5011 | D:5      | 5011 ||| INVOKING Heroism.
  5023 | D:5      | Killed Sigmund
  5234 | D:5      | 5234 ||| READING scroll labelled GOGIMIGAUP.
  5276 | D:5      | 5276 ||| DRINKING 2 silvery potions.
  5277 | D:5      | 5277 ||| READING 3 scrolls of identify.
  5277 | D:5      | 5277 ||| IDENTIFYING puce potion
  5278 | D:5      | 5278 ||| READING 2 scrolls of identify.
  5278 | D:5      | 5278 ||| IDENTIFYING red potion
  5279 | D:5      | 5279 ||| DROPPING potion of flight.
  5328 | D:6      | 5328 ||| Stepping ~*~*~tactically~*~*~ (hiding).
  5329 | D:6      | 5329 ||| INVOKING Heroism.
  5347 | D:6      | 5347 ||| Stepping ~*~*~tactically~*~*~ (stealth).
  5348 | D:6      | 5348 ||| Stepping ~*~*~tactically~*~*~ (stealth).
  5354 | D:6      | 5354 ||| INVOKING Heroism.
  5430 | D:6      | 5430 ||| READING scroll of enchant weapon.
  5430 | D:6      | 5430 ||| ENCHANTING +1 war axe.
  5444 | D:6      | 5444 ||| READING scroll of enchant weapon.
  5444 | D:6      | 5444 ||| ENCHANTING +2 war axe.
  5452 | D:6      | Found a shimmering blue altar of Sif Muna.
  5523 | D:6      | 5523 ||| FLEEEEING.
  5524 | D:6      | 5524 ||| FLEEEEING.
  5525 | D:6      | 5525 ||| FLEEEEING.
  5527 | D:6      | 5527 ||| Stepping ~*~*~tactically~*~*~ (hiding).
  5529 | D:6      | 5529 ||| INVOKING Heroism.
  5537 | D:6      | 5537 ||| DRINKING 2 potions of curing.
  5537 | D:6      | 5537 ||| (to cure confusion)
  5705 | D:6      | 5705 ||| INVOKING Heroism.
  5842 | D:6      | Found a glowing silver altar of Zin.
  5842 | D:6      | Noticed an angel
  5912 | D:6      | 5912 ||| READING scroll labelled JUITIR LUECRUE.
  5916 | D:7      | Noticed Menkaure
  5917 | D:7      | 5917 ||| INVOKING Heroism.
  5920 | D:7      | Killed Menkaure
  5920 | D:7      | Reached ** piety under Okawaru
  5921 | D:7      | Reached skill level 8 in Axes
  5921 | D:7      | Reached XP level 9. HP: 54/54 MP: 9/12
  5921 | D:7      | Noticed Pikel
  5932 | D:7      | Killed Pikel
  6020 | D:7      | 6020 ||| Stepping ~*~*~tactically~*~*~ (stealth).
  6023 | D:7      | 6023 ||| Stepping ~*~*~tactically~*~*~ (stealth).
  6024 | D:7      | 6024 ||| Stepping ~*~*~tactically~*~*~ (stealth).
  6025 | D:7      | 6025 ||| Stepping ~*~*~tactically~*~*~ (stealth).
  6027 | D:7      | 6027 ||| Stepping ~*~*~tactically~*~*~ (stealth).
  6031 | D:7      | Reached *** piety under Okawaru
  6038 | D:7      | Reached skill level 9 in Axes
  6038 | D:7      | 6038 ||| INVOKING Heroism.
  6142 | D:7      | 6142 ||| Stepping ~*~*~tactically~*~*~ (stealth).
  6145 | D:7      | 6145 ||| Stepping ~*~*~tactically~*~*~ (hiding).
  6146 | D:7      | 6146 ||| INVOKING Heroism.
  6214 | D:7      | Found Nogevemp's Jewellery Boutique.
  6222 | D:7      | 6222 ||| SHOPLISTING +4 ring of evasion (396 gold, have
                  | 300).
  6222 | D:7      | 6222 ||| BUYING ring of positive energy (220 gold).
  6222 | D:7      | Bought a ring of positive energy for 220 gold pieces
  6222 | D:7      | 6222 ||| SHOPLISTING ring of protection from fire (275
                  | gold, have 80).
  6222 | D:7      | 6222 ||| SHOPLISTING ring of resist corrosion (220 gold,
                  | have 80).
  6296 | D:7      | Found a staircase to the Ecumenical Temple.
  6582 | D:7      | Found Baes's Distillery.
  6585 | D:7      | Noticed a two-headed ogre
  6586 | D:7      | 6586 ||| INVOKING Heroism.
  6592 | D:7      | Killed a two-headed ogre
  6592 | D:7      | Reached **** piety under Okawaru
  6593 | D:7      | Reached skill level 10 in Axes
  6593 | D:7      | Reached XP level 10. HP: 39/63 MP: 10/13
  6672 | D:7      | 6672 ||| SHOPLISTING 2 potions of heal wounds (150 gold,
                  | have 96).
  6672 | D:7      | 6672 ||| SHOPLISTING 2 potions of magic (240 gold, have
                  | 96).
  6672 | D:7      | 6672 ||| BUYING potion of attraction (45 gold).
  6672 | D:7      | Bought a potion of attraction for 45 gold pieces
  6672 | D:7      | 6672 ||| BUYING potion of curing (45 gold).
  6672 | D:7      | Bought a potion of curing for 45 gold pieces
  6672 | D:7      | 6672 ||| SHOPLISTING potion of curing (45 gold, have 6).
  6672 | D:7      | 6672 ||| SHOPLISTING potion of lignification (45 gold, have
                  | 6).
  6672 | D:7      | 6672 ||| SHOPLISTING potion of might (60 gold, have 6).
  6672 | D:7      | 6672 ||| SHOPLISTING potion of resistance (150 gold, have
                  | 6).
  6822 | D:7      | 6822 ||| UPGRADING to +0 helmet.
  6827 | D:7      | 6827 ||| READING scroll of enchant armour.
  6827 | D:7      | 6827 ||| ENCHANTING +0 helmet.
  6858 | D:8      | Noticed a four-headed hydra
  6859 | D:8      | 6859 ||| INVOKING Heroism.
  6861 | D:8      | 6861 ||| SWAPPING to +0 morningstar.
  6867 | D:8      | Killed a four-headed hydra
  6868 | D:8      | 6868 ||| SWAPPING to +3 war axe.
  6962 | D:8      | 6962 ||| INVOKING Heroism.
  6964 | D:8      | Reached skill level 6 in Armour
  7078 | D:8      | 7078 ||| INVOKING Heroism.
  7086 | D:8      | Received a gift from Okawaru
  7105 | D:8      | 7105 ||| Stepping ~*~*~tactically~*~*~ (stealth).
  7107 | D:8      | 7107 ||| Stepping ~*~*~tactically~*~*~ (stealth).
  7144 | D:8      | 7144 ||| FLEEEEING.
  7150 | D:8      | 7150 ||| FLEEEEING.
  7151 | D:8      | 7151 ||| STAIRDANCE
  7204 | D:8      | 7204 ||| STAIRDANCE
  7301 | D:8      | 7301 ||| INVOKING Heroism.
  7313 | D:8      | Reached skill level 6 in Invocations
  7343 | D:8      | Found a runed translucent gate.
  7343 | D:8      | Found a runed translucent gate.
  7343 | D:8      | Found a runed translucent gate.
  7343 | D:8      | Noticed qw's ghost (novice GrFi)
  7346 | D:8      | 7346 ||| READING 6 scrolls of teleportation.
  7407 | D:8      | Found a basalt altar of Yredelemnul.
  7408 | D:8      | 7408 ||| READING 5 scrolls of teleportation.
  7703 | D:8      | 7703 ||| DRINKING 2 black potions.
  7704 | D:8      | 7704 ||| DROPPING potion of invisibility.
  7730 | D:9      | 7730 ||| Stepping ~*~*~tactically~*~*~ (stealth).
  7732 | D:9      | 7732 ||| Stepping ~*~*~tactically~*~*~ (stealth).
  7733 | D:9      | 7733 ||| Stepping ~*~*~tactically~*~*~ (stealth).
  7734 | D:9      | 7734 ||| Stepping ~*~*~tactically~*~*~ (stealth).
  7735 | D:9      | 7735 ||| Stepping ~*~*~tactically~*~*~ (stealth).
  7739 | D:9      | 7739 ||| Stepping ~*~*~tactically~*~*~ (stealth).
  7740 | D:9      | 7740 ||| Stepping ~*~*~tactically~*~*~ (stealth).
  7741 | D:9      | 7741 ||| Stepping ~*~*~tactically~*~*~ (stealth).
  7742 | D:9      | 7742 ||| INVOKING Heroism.
  7748 | D:9      | Reached skill level 3 in Throwing
  7748 | D:9      | 7748 ||| Stepping ~*~*~tactically~*~*~ (stealth).
  7756 | D:9      | 7756 ||| Stepping ~*~*~tactically~*~*~ (stealth).
  7759 | D:9      | 7759 ||| Stepping ~*~*~tactically~*~*~ (stealth).
  7760 | D:9      | 7760 ||| INVOKING Heroism.
  7764 | D:9      | 7764 ||| Stepping ~*~*~tactically~*~*~ (stealth).
  7779 | D:9      | 7779 ||| Stepping ~*~*~tactically~*~*~ (hiding).
  7780 | D:9      | 7780 ||| Stepping ~*~*~tactically~*~*~ (hiding).
  7791 | D:9      | Identified the +4 pair of gloves "Guelej" {rF+}
  7803 | D:9      | 7803 ||| SWAPPING to +0 broad axe.
  7804 | D:9      | 7804 ||| Stepping ~*~*~tactically~*~*~ (hiding).
  7807 | D:9      | 7807 ||| Stepping ~*~*~tactically~*~*~ (hiding).
  7812 | D:9      | 7812 ||| INVOKING Heroism.
  7815 | D:9      | Received a gift from Okawaru
  7827 | D:9      | 7827 ||| DROPPING +3 war axe.
  7842 | D:9      | 7842 ||| Stepping ~*~*~tactically~*~*~ (stealth).
  7844 | D:9      | 7844 ||| Stepping ~*~*~tactically~*~*~ (hiding).
  7849 | D:9      | 7849 ||| DRINKING 4 potions of curing.
  7849 | D:9      | 7849 ||| (to cure confusion)
  8018 | D:9      | Noticed a death yak
  8019 | D:9      | 8019 ||| Stepping ~*~*~tactically~*~*~ (stealth).
  8021 | D:9      | 8021 ||| Stepping ~*~*~tactically~*~*~ (stealth).
  8022 | D:9      | 8022 ||| INVOKING Heroism.
  8029 | D:9      | Reached XP level 11. HP: 68/68 MP: 13/16
  8032 | D:9      | Noticed a death yak
  8036 | D:9      | Noticed a death yak
  8045 | D:9      | Killed a death yak
  8051 | D:9      | Killed a death yak
  8051 | D:9      | Reached ***** piety under Okawaru
  8051 | D:9      | Received a gift from Okawaru
  8052 | D:9      | 8052 ||| INVOKING Finesse.
  8056 | D:9      | Reached skill level 11 in Axes
  8072 | D:9      | 8072 ||| INVOKING Heroism.
  8076 | D:9      | Killed a death yak
  8078 | D:9      | Reached skill level 9 in Invocations
  8087 | D:9      | Received a gift from Okawaru
  8177 | D:9      | Found a staircase to the Lair.
  8216 | D:9      | Found Lugirror's Antique Armour Emporium.
  8221 | D:9      | 8221 ||| Stepping ~*~*~tactically~*~*~ (stealth).
  8228 | D:9      | Noticed a thrashing horror
  8228 | D:9      | Noticed qw's ghost (novice GrFi)
  8236 | D:9      | Found a one-way gate to the infinite horrors of the Abyss.
  8295 | D:9      | 8295 ||| Stepping ~*~*~tactically~*~*~ (stealth).
  8297 | D:9      | 8297 ||| Stepping ~*~*~tactically~*~*~ (stealth).
  8299 | D:9      | 8299 ||| INVOKING Heroism.
  8359 | D:9      | 8359 ||| Stepping ~*~*~tactically~*~*~ (hiding).
  8363 | D:9      | 8363 ||| INVOKING Heroism.
  8364 | D:9      | Found a transporter.
  8627 | D:9      | 8627 ||| PLANNING LAIR
  8627 | D:9      | 8627 ||| DROPPING +0 chain mail.
  8628 | D:9      | 8628 ||| UPGRADING to +0 plate armour.
  8638 | D:9      | 8638 ||| DROPPING +3 ring mail of fire resistance.
  8639 | D:9      | 8639 ||| UPGRADING to +4 pair of gloves "Guelej" {rF+}.
  8644 | D:9      | 8644 ||| READING scroll labelled ZEPPEX XAOPT.
  8645 | D:9      | 8645 ||| READING scroll labelled TUTIYWKYICO.
  8671 | Lair:1   | Entered Level 1 of the Lair of Beasts
  8766 | Lair:1   | 8766 ||| INVOKING Heroism.
  8783 | Lair:1   | Received a gift from Okawaru
  9070 | Lair:1   | 9070 ||| INVOKING Heroism.
  9073 | Lair:1   | Reached skill level 9 in Fighting
  9750 | Lair:2   | Found a staircase to the Swamp.
  9750 | Lair:2   | Noticed a bog body
  9751 | Lair:2   | 9751 ||| Stepping ~*~*~tactically~*~*~ (hiding).
  9758 | Lair:2   | 9758 ||| INVOKING Heroism.
  9760 | Lair:2   | Killed a bog body
  9946 | Lair:2   | 9946 ||| INVOKING Heroism.
  9954 | Lair:2   | Reached XP level 12. HP: 76/76 MP: 17/19
 10064 | Lair:2   | Noticed a catoblepas
 10065 | Lair:2   | 10065 ||| INVOKING Heroism.
 10066 | Lair:2   | 10066 ||| INVOKING Finesse.
 10070 | Lair:2   | Killed a catoblepas
 10325 | Lair:2   | 10325 ||| Stepping ~*~*~tactically~*~*~ (hiding).
 10638 | Lair:2   | 10638 ||| UPGRADING to +2 plate armour of positive energy.
 10648 | Lair:2   | 10648 ||| DROPPING +0 plate armour.
 10649 | Lair:2   | 10649 ||| READING scroll labelled VEULAB FOSM.
 10650 | Lair:2   | 10650 ||| READING scroll labelled PEFUTYRADU.
 10651 | Lair:2   | 10651 ||| READING 2 scrolls of identify.
 10651 | Lair:2   | 10651 ||| IDENTIFYING amethyst potion
 10668 | Lair:3   | Noticed Fannar
 10678 | Lair:3   | 10678 ||| INVOKING Heroism.
 10691 | Lair:3   | HP: 19/76 [Fannar/+0 quarterstaff of freezing (8)]
 10692 | Lair:3   | 10692 ||| READING 4 scrolls of teleportation.
 10694 | Lair:3   | 10694 ||| FLEEEEING.
 10697 | Lair:3   | 10697 ||| READING 3 scrolls of teleportation.
 10706 | Lair:3   | HP: 16/76 [polar bear (6)]
 10707 | Lair:3   | 10707 ||| READING 2 scrolls of teleportation.
 10708 | Lair:3   | 10708 ||| DRINKING 4 potions of heal wounds.
 10911 | Lair:3   | 10911 ||| Stepping ~*~*~tactically~*~*~ (stealth).
 10925 | Lair:3   | 10925 ||| Stepping ~*~*~tactically~*~*~ (stealth).
 10926 | Lair:3   | 10926 ||| Stepping ~*~*~tactically~*~*~ (stealth).
 10927 | Lair:3   | 10927 ||| Stepping ~*~*~tactically~*~*~ (stealth).
 10932 | Lair:3   | 10932 ||| Stepping ~*~*~tactically~*~*~ (stealth).
 10935 | Lair:3   | Reached skill level 12 in Axes
 10940 | Lair:3   | 10940 ||| INVOKING Heroism.
 10992 | Lair:3   | 10992 ||| Stepping ~*~*~tactically~*~*~ (stealth).
 11003 | Lair:3   | 11003 ||| Stepping ~*~*~tactically~*~*~ (stealth).
 11004 | Lair:3   | 11004 ||| Stepping ~*~*~tactically~*~*~ (stealth).
 11013 | Lair:3   | 11013 ||| INVOKING Heroism.
 11097 | Lair:3   | Reached skill level 6 in Shields
 11104 | Lair:3   | 11104 ||| Stepping ~*~*~tactically~*~*~ (hiding).
 11105 | Lair:3   | 11105 ||| INVOKING Heroism.
 11120 | Lair:3   | Killed Fannar
 11124 | Lair:3   | HP: 16/77 [elephant (11)]
 11125 | Lair:3   | 11125 ||| READING scroll of teleportation.
 11126 | Lair:3   | 11126 ||| DRINKING 3 potions of heal wounds.
 11128 | Lair:3   | 11128 ||| INVOKING Heroism.
 11130 | Lair:3   | 11130 ||| FLEEEEING.
 11131 | Lair:3   | 11131 ||| FLEEEEING.
 11132 | Lair:3   | 11132 ||| STAIRDANCE
 11268 | Lair:2   | 11268 ||| DROPPING potion of brilliance.
 11271 | Lair:3   | 11271 ||| STAIRDANCE
 11273 | Lair:2   | 11273 ||| INVOKING Heroism.
 11274 | Lair:2   | 11274 ||| Stepping ~*~*~tactically~*~*~ (water).
 11287 | Lair:2   | Received a gift from Okawaru
 11341 | Lair:3   | 11341 ||| STAIRDANCE
 11402 | Lair:3   | 11402 ||| STAIRDANCE
 11404 | Lair:2   | 11404 ||| INVOKING Heroism.
 11473 | Lair:3   | 11473 ||| STAIRDANCE
 11479 | Lair:2   | 11479 ||| INVOKING Heroism.
 11480 | Lair:2   | 11480 ||| Stepping ~*~*~tactically~*~*~ (water).
 11603 | Lair:3   | 11603 ||| FLEEEEING.
 11604 | Lair:3   | 11604 ||| FLEEEEING.
 11605 | Lair:3   | 11605 ||| STAIRDANCE
 11650 | Lair:3   | 11650 ||| STAIRDANCE
 11726 | Lair:3   | 11726 ||| READING scroll of enchant armour.
 11726 | Lair:3   | 11726 ||| ENCHANTING +1 helmet.
 11736 | Lair:3   | Reached skill level 13 in Axes
 11870 | Lair:3   | 11870 ||| READING scroll of enchant weapon.
 11870 | Lair:3   | 11870 ||| ENCHANTING +0 broad axe.
 11994 | Lair:3   | Found a staircase to the Snake Pit.
 12106 | Lair:3   | 12106 ||| INVOKING Heroism.
 12344 | Lair:3   | 12344 ||| UPGRADING to +4 ring of evasion.
 12346 | Lair:3   | 12346 ||| DROPPING ring of positive energy.
 12372 | Lair:4   | Identified the +1 pair of gloves "Pusab" {MP+9 Str+3 Int+7
                  | Dex-5} (Okawaru gifted it to you on level 4 of the Lair of
                  | Beasts)
 12372 | Lair:4   | Received a gift from Okawaru
 12377 | Lair:4   | 12377 ||| Stepping ~*~*~tactically~*~*~ (stealth).
 12380 | Lair:4   | 12380 ||| Stepping ~*~*~tactically~*~*~ (stealth).
 12383 | Lair:4   | 12383 ||| INVOKING Heroism.
 12478 | Lair:4   | Found a snail-covered altar of Cheibriados.
 12480 | Lair:4   | 12480 ||| INVOKING Heroism.
 12498 | Lair:4   | Reached skill level 9 in Armour
 12498 | Lair:4   | Reached XP level 13. HP: 72/82 MP: 20/20
 12663 | Lair:4   | 12663 ||| DROPPING +0 morningstar.
 12665 | Lair:4   | 12665 ||| INVOKING Heroism.
 12723 | Lair:4   | Identified the +1 ice dragon scales of Anarchy {rF- rC++
                  | Int+4 SInv}
 12740 | Lair:4   | 12740 ||| INVOKING Heroism.
 12741 | Lair:4   | 12741 ||| INVOKING Finesse.
 12747 | Lair:4   | 12747 ||| SWAPPING to +2 morningstar of protection.
 12760 | Lair:4   | 12760 ||| SWAPPING to +1 broad axe.
 12874 | Lair:4   | 12874 ||| INVOKING Heroism.
 12923 | Lair:4   | 12923 ||| INVOKING Heroism.
 12943 | Lair:4   | Found a runed translucent door.
 12944 | Lair:4   | Found a viscous altar of Jiyva.
 12961 | Lair:4   | Found a staircase to the Slime Pits.
 13134 | Lair:4   | 13134 ||| Stepping ~*~*~tactically~*~*~ (stealth).
 13136 | Lair:4   | 13136 ||| INVOKING Heroism.
 13323 | Lair:4   | 13323 ||| DROPPING +1 pair of gloves "Pusab" {MP+9 Str+3
                  | Int+7 Dex-5}.
 13350 | Lair:5   | Entered Level 5 of the Lair of Beasts
 13351 | Lair:5   | 13351 ||| INVOKING Heroism.
 13352 | Lair:5   | 13352 ||| INVOKING Finesse.
 13363 | Lair:5   | 13363 ||| SWAPPING to +2 morningstar of protection.
 13369 | Lair:5   | 13369 ||| SWAPPING to +1 broad axe.
 13464 | Lair:5   | 13464 ||| INVOKING Heroism.
 13466 | Lair:5   | 13466 ||| Stepping ~*~*~tactically~*~*~ (stealth).
 13485 | Lair:5   | 13485 ||| Stepping ~*~*~tactically~*~*~ (stealth).
 13495 | Lair:5   | Reached skill level 14 in Axes
 13587 | Lair:5   | 13587 ||| INVOKING Heroism.
 13613 | Lair:5   | 13613 ||| INVOKING Finesse.
 13671 | Lair:5   | 13671 ||| INVOKING Heroism.
 13754 | Lair:5   | 13754 ||| INVOKING Heroism.
 13755 | Lair:5   | 13755 ||| INVOKING Finesse.
 13830 | Lair:5   | 13830 ||| INVOKING Heroism.
 13838 | Lair:5   | 13838 ||| Stepping ~*~*~tactically~*~*~ (stealth).
 13839 | Lair:5   | 13839 ||| INVOKING Finesse.
 13958 | Lair:5   | 13958 ||| Stepping ~*~*~tactically~*~*~ (stealth).
 13959 | Lair:5   | 13959 ||| INVOKING Heroism.
 13961 | Lair:5   | 13961 ||| INVOKING Finesse.
 13980 | Lair:5   | Received a gift from Okawaru
 14079 | Lair:5   | 14079 ||| Stepping ~*~*~tactically~*~*~ (stealth).
 14083 | Lair:5   | 14083 ||| INVOKING Heroism.
 14084 | Lair:5   | 14084 ||| INVOKING Finesse.
 14085 | Lair:5   | 14085 ||| Stepping ~*~*~tactically~*~*~ (stealth).
 14142 | Lair:5   | 14142 ||| INVOKING Heroism.
 14202 | Lair:5   | 14202 ||| INVOKING Heroism.
 14208 | Lair:5   | Gained mutation: Your large and strong wings let you fly.
                  | [Gargoyle growth]
 14208 | Lair:5   | Reached XP level 14. HP: 64/90 MP: 18/21
 14292 | Lair:5   | 14292 ||| INVOKING Heroism.
 14297 | Lair:5   | 14297 ||| INVOKING Finesse.
 14347 | Lair:5   | Identified the +2 pair of gloves of Etyphiofon {+Inv rF+
                  | Will+}
 14425 | Lair:5   | 14425 ||| INVOKING Heroism.
 14428 | Lair:5   | 14428 ||| SWAPPING to +2 morningstar of protection.
 14436 | Lair:5   | 14436 ||| SWAPPING to +1 broad axe.
 14460 | Lair:5   | Reached skill level 15 in Axes
 14499 | Lair:5   | 14499 ||| INVOKING Heroism.
 14605 | Lair:5   | 14605 ||| INVOKING Heroism.
 14606 | Lair:5   | 14606 ||| INVOKING Finesse.
 14611 | Lair:5   | 14611 ||| SWAPPING to +2 morningstar of protection.
 14614 | Lair:5   | Received a gift from Okawaru
 14621 | Lair:5   | 14621 ||| SWAPPING to +1 broad axe.
 14944 | Lair:5   | 14944 ||| PLANNING D:1-11
 14944 | Lair:5   | 14944 ||| DROPPING +2 pair of gloves of Etyphiofon {+Inv
                  | rF+ Will+}.
 14945 | Lair:5   | 14945 ||| UPGRADING to +0 cloak.
 14950 | Lair:5   | 14950 ||| DROPPING ring of magical power.
 14951 | Lair:5   | 14951 ||| READING 2 scrolls of identify.
 14951 | Lair:5   | 14951 ||| IDENTIFYING fizzy sapphire potion
 14952 | Lair:5   | 14952 ||| DROPPING potion of ambrosia.
 15064 | D:10     | Entered Level 10 of the Dungeon
 15224 | D:10     | Found a snail-covered altar of Cheibriados.
 15295 | D:10     | Noticed Erica
 15296 | D:10     | 15296 ||| INVOKING Heroism.
 15297 | D:10     | 15297 ||| INVOKING Finesse.
 15304 | D:10     | Killed Erica
 15423 | D:10     | 15423 ||| INVOKING Heroism.
 15999 | D:10     | 15999 ||| DROPPING scarf of shadows.
 16000 | D:10     | 16000 ||| READING 2 scrolls of identify.
 16000 | D:10     | 16000 ||| IDENTIFYING ruby potion
 16072 | D:11     | 16072 ||| INVOKING Heroism.
 16101 | D:11     | 16101 ||| READING scroll of enchant armour.
 16101 | D:11     | 16101 ||| ENCHANTING +0 cloak.
 16142 | D:11     | Received a gift from Okawaru
 16238 | D:11     | Reached skill level 12 in Fighting
 16238 | D:11     | 16238 ||| FLEEEEING.
 16244 | D:11     | 16244 ||| INVOKING Heroism.
 16569 | D:11     | 16569 ||| INVOKING Heroism.
 17107 | D:11     | 17107 ||| PLANNING D
 17107 | D:11     | 17107 ||| UPGRADING to +1 pair of boots of flying.
 17112 | D:11     | 17112 ||| DROPPING +6 ring of intelligence.
 17113 | D:11     | 17113 ||| READING 3 scrolls of identify.
 17113 | D:11     | 17113 ||| IDENTIFYING white potion
 17114 | D:11     | 17114 ||| DROPPING potion of berserk rage.
 17185 | D:12     | 17185 ||| READING scroll of enchant armour.
 17185 | D:12     | 17185 ||| ENCHANTING +1 pair of boots of flying.
 17203 | D:12     | 17203 ||| Stepping ~*~*~tactically~*~*~ (hiding).
 17205 | D:12     | 17205 ||| Stepping ~*~*~tactically~*~*~ (hiding).
 17218 | D:12     | 17218 ||| Stepping ~*~*~tactically~*~*~ (stealth).
 17219 | D:12     | 17219 ||| Stepping ~*~*~tactically~*~*~ (stealth).
 17220 | D:12     | 17220 ||| Stepping ~*~*~tactically~*~*~ (stealth).
 17221 | D:12     | 17221 ||| Stepping ~*~*~tactically~*~*~ (stealth).
 17228 | Abyss:2  | Cast into level 2 of the Abyss (a wizard)
 17229 | Abyss:2  | Found a corrupted altar of Lugonu.
 17236 | D:12     | Escaped the Abyss
 17243 | D:12     | 17243 ||| Stepping ~*~*~tactically~*~*~ (hiding).
 17244 | D:12     | 17244 ||| Stepping ~*~*~tactically~*~*~ (hiding).
 17248 | D:12     | Found a staircase to the Orcish Mines.
 17259 | Abyss:2  | Cast into level 2 of the Abyss (a wizard)
 17331 | Abyss:2  | 17331 ||| Stepping ~*~*~tactically~*~*~ (stealth).
 17348 | Abyss:2  | 17348 ||| Stepping ~*~*~tactically~*~*~ (stealth).
 17374 | Abyss:2  | Gained mutation: [You are weak. (Str -2)] [a neqoxec]
 17375 | Abyss:2  | 17375 ||| Stepping ~*~*~tactically~*~*~ (hiding).
 17376 | Abyss:2  | 17376 ||| Stepping ~*~*~tactically~*~*~ (hiding).
 17382 | Abyss:2  | Gained mutation: [Your magical capacity is low. (-10% MP)]
                  | [a neqoxec]
 17383 | Abyss:2  | Gained mutation: You do not regenerate when monsters are
                  | visible. [a neqoxec]
 17387 | Abyss:2  | 17387 ||| DRINKING 3 potions of mutation.
 17387 | Abyss:2  | Lost mutation: [You are weak. (Str -2)] [potion of
                  | mutation]
 17387 | Abyss:2  | Lost mutation: [Your magical capacity is low. (-10% MP)]
                  | [potion of mutation]
 17387 | Abyss:2  | Lost mutation: You do not regenerate when monsters are
                  | visible. [potion of mutation]
 17387 | Abyss:2  | Gained mutation: You possess an exceptional clarity of
                  | mind. [potion of mutation]
 17387 | Abyss:2  | Lost mutation: You possess an exceptional clarity of mind.
                  | [potion of mutation]
 17387 | Abyss:2  | Gained mutation: You expend magic power (3 MP) to
                  | strengthen your wands. [potion of mutation]
 17435 | Abyss:2  | Noticed a starcursed mass
 17440 | Abyss:2  | 17440 ||| INVOKING Heroism.
 17457 | Abyss:2  | Reached skill level 12 in Armour
 17483 | Abyss:2  | 17483 ||| Stepping ~*~*~tactically~*~*~ (stealth).
 17486 | Abyss:2  | Noticed a tentacled starspawn
 17488 | Abyss:2  | Noticed a starcursed mass
 17494 | Abyss:2  | HP: 16/73 [tentacled starspawn (10)]
 17495 | Abyss:2  | 17495 ||| DRINKING 3 potions of heal wounds.
 17499 | Abyss:2  | 17499 ||| INVOKING Heroism.
 17499 | Abyss:2  | HP: 15/73 [starcursed mass/accursed screaming (12)]
 17500 | Abyss:2  | 17500 ||| DRINKING 2 potions of heal wounds.
 17502 | Abyss:2  | Killed a tentacled starspawn
 17506 | Abyss:2  | HP: 20/82 [starcursed mass/accursed screaming (12)]
 17506 | Abyss:2  | Noticed a profane servitor
 17507 | Abyss:2  | 17507 ||| DRINKING potion of heal wounds.
 17525 | Abyss:2  | Noticed a tentacled starspawn
 17534 | Abyss:2  | HP: 33/138 [profane servitor/+2 whip (6)]
 17535 | Abyss:2  | Killed a tentacled starspawn
 17536 | Abyss:2  | HP: 14/138 [profane servitor/+2 whip (8)]
 17537 | Abyss:2  | HP: 6/138 [profane servitor/+2 whip (8)]
 17538 | D:12     | Escaped the Abyss
 17540 | D:12     | Slain by a profane servitor

Levels and vault maps discovered:
D:1:      amcnicky_arrival_underground_garden, layout_basic,
          minmay_misc_feat_alley, minmay_rat_gold_closets
D:2:      layout_basic, basic_altar, minmay_hedge_maze, hangedman_decor_riveting
D:3:      layout_basic, elyvilon_altar_3, shapermc_ecumenical_altar_pompeii
D:4:      layout_basic, serial_shops, nicolae_shop_statue_plus
D:5:      layout_basic, mainiacjoe_overflow_paths, sigmund_army, uniq_sigmund
D:6:      layout_rooms, mainiacjoe_overflow_alcove_2, zin_angel
D:7:      layout_basic, temple_fountains, serial_rivers,
          chequers_serial_rivers_large_a, chequers_serial_rivers_micro_e,
          chequers_serial_rivers_micro_c, chequers_serial_rivers_micro_d,
          chequers_serial_rivers_large_b, chequers_serial_rivers_marsh,
          serial_shops, nicolae_shop_hallway_stairs, shop, skrybe_limestone_x,
          uniq_menkaure, uniq_pikel
D:8:      layout_basic, nicolae_yredelemnul_ghost_church
D:9:      layout_cave_pools, dpeg_lair_monsters, gammafunk_ghost_abyssal_escape,
          serial_shops, shop, serial_bayou_pond_c,
          minmay_fractal_squares_diagonal_5
D:10:     layout_basic, mainiacjoe_overflow_24_doors, uniq_erica
D:11:     layout_loops_corners, serial_rivers, chequers_serial_rivers_room_a,
          chequers_serial_rivers_micro_d, chequers_serial_rivers_marsh,
          chequers_serial_rivers_micro_a, chequers_serial_rivers_small_a,
          chequers_serial_rivers_room_a
D:12:     layout_rooms, orc_0_dummy, uniq_nessos
Lair:1:   layout_cellular_growth
Lair:2:   layout_long_grid, skrybe_swamp_entry_bodies, serial_bayou_shore_b,
          infiniplex_staircase_pool_2
Lair:3:   layout_gridlike, dummy_snake_entry, serial_bayou_shore_a,
          grunt_megastairs_2, uniq_fannar
Lair:4:   layout_loops_ring, slime_entry_2, basic_altar, st_stairs_10,
          grunt_megastairs_4, lemuel_fruit_tree, lemuel_fruit_fields
Lair:5:   evilmike_catoblepas_cave, layout_regular_city

Skill      XL: |  1  2  3  4  5  6  7  8  9 10 11 12 13 14 |
---------------+-------------------------------------------+-----
Axes           | 2 3 4 5 6 7 8 10 11 13 14 15 | 15.9
Dodging        | 1 2 |  2.0
Fighting       | 4 5 7 8 9 10 11 12 | 12.0
Throwing       | 1 2 3 4 5 |  5.0
Invocations    | 2 4 7 10 | 10.0
Armour         | 4 5 6 7 9 10 12 | 12.0
Shields        | 4 5 6 7 |  7.3

Action                   |  1- 3 |  4- 6 |  7- 9 | 10-12 | 13-15 || total
-------------------------+-------+-------+-------+-------+-------++-------
Melee: War axe           |   120 |   111 |   193 |    95 |       ||   519
       Broad axe         |       |       |       |   389 |   579 ||   968
       Morningstar       |       |       |       |     4 |    26 ||    30
Throw: Boomerang         |       |    21 |    28 |    17 |    67 ||   133
       Javelin           |       |       |    29 |    44 |    14 ||    87
Invok: Heroism           |       |       |    13 |    27 |    26 ||    66
       Finesse           |       |       |       |     2 |    10 ||    12
  Use: Scroll            |     4 |     7 |     7 |    14 |     5 ||    37
       Potion            |       |     1 |     3 |     4 |     4 ||    12
 Stab: Invisible         |       |       |       |     5 |       ||     5
       Paralysed         |       |       |       |       |     2 ||     2
Armor: Scale mail        |    80 |    43 |       |       |       ||   123
       Ring mail         |       |     1 |    11 |       |       ||    12
       Plate armour      |       |       |    84 |   429 |   280 ||   793
Dodge: Dodged            |    65 |    45 |    65 |   236 |   234 ||   645
Block: Buckler           |    22 |    21 |    34 |   147 |   113 ||   337

Table legend:
 A = Non-vault XP
 B = Vault XP
 C = Vault XP percentage of total XP
 D = Non-vault monster count
 E = Vault monster count
 F = Vault count percentage of total count
                 A         B        C        D         E       F
            +---------+---------+-------+---------+---------+-------
      Total |   63303 |   19798 |  23.8 |     404 |      70 |  14.8
            +---------+---------+-------+---------+---------+-------
        D:1 |      49 |       6 |  10.9 |      26 |       6 |  18.8
        D:2 |      69 |       0 |   0.0 |      15 |       0 |   0.0
        D:3 |      83 |       0 |   0.0 |      19 |       0 |   0.0
        D:4 |     145 |       0 |   0.0 |      17 |       0 |   0.0
        D:5 |    1146 |     232 |  16.8 |      28 |       4 |  12.5
        D:6 |     462 |       0 |   0.0 |      23 |       0 |   0.0
        D:7 |    2227 |     782 |  26.0 |      22 |       2 |   8.3
        D:8 |    2262 |      90 |   3.8 |      31 |       2 |   6.1
        D:9 |    3044 |    3589 |  54.1 |      31 |      21 |  40.4
       D:10 |    2075 |     850 |  29.1 |       8 |       1 |  11.1
       D:11 |    6157 |       0 |   0.0 |      27 |       0 |   0.0
       D:12 |    1848 |       0 |   0.0 |       4 |       0 |   0.0
     Lair:1 |    3323 |       0 |   0.0 |      18 |       0 |   0.0
     Lair:2 |    5948 |     661 |  10.0 |      18 |       1 |   5.3
     Lair:3 |    4509 |    1822 |  28.8 |      17 |       5 |  22.7
     Lair:4 |    5674 |    1338 |  19.1 |      28 |       5 |  15.2
     Lair:5 |   12942 |   10428 |  44.6 |      42 |      23 |  35.4
    Abyss:2 |   11340 |       0 |   0.0 |      30 |       0 |   0.0
            +---------+---------+-------+---------+---------+-------
